Map: Lerilak Crest

Players

lesha

  • Race: Terran Terran
  • League: Silver

Thrall - Winner!

  • Race: Zerg Zerg
  • League: Silver

VOD

Have the link to the VOD?

Description

Time

  • Played on: Dec. 22, 2015, 9:09 a.m.
  • Length: 7:02
Show
View Real Time Build Order
Export as new Build Order

lesha Terran 

Build Orders:  

Get SALT Encoding   

  12  0:01  SCV  
  13  0:13  SCV  
  14  0:18  Supply Depot  
  14  0:25  SCV  
  15  0:39  SCV  
  15  0:41  Barracks  
  16  0:49  Refinery  
  16  0:52  SCV  
  17  1:04  SCV  
  18  1:16  SCV  
  19  1:28  SCV  
  19  1:32  Reaper  
  21  1:36  Command Center  
  21  1:45  Orbital Command  
  21  2:03  Barracks  
  21  2:25  Marine  
  21  2:29  Supply Depot  
  22  2:34  Factory  
  22  2:35  Refinery  
  22  2:36  SCV  
  23  2:48  SCV, Marine  
  25  2:58  Marine  
  26  3:01  SCV  
  26  3:02  Orbital Command  
  27  3:06  Marine  
  28  3:16  Marine  
  28  3:27  Factory Tech Lab  
  28  3:29  Bunker  
  28  3:35  SCV x2  
  28  3:38  Marine x2  
  32  3:47  SCV  
  32  3:48  SCV  
  28  3:56  Marine x2  
  29  4:05  Orbital Command  
  29  4:14  Siege Tank  
  32  4:21  SCV  
  32  4:24  Marine x2  
  35  4:33  SCV  
  36  4:42  Marine x2  
  30  4:59  Marine  
  29  5:00  Marine  
  29  5:01  Siege Tank  
  34  5:17  Reaper, Marine  
  34  5:20  Bunker  
  36  5:24  Supply Depot  
  36  5:26  Supply Depot  
  36  5:27  Supply Depot  
  36  5:31  Barracks  
  36  5:35  Marine  
  33  5:49  Marine  
  30  5:53  Marine  
  26  6:06  SCV  
  26  6:07  SCV, Marine  
  26  6:11  Marine  
  29  6:18  Supply Depot, SCV  
  31  6:19  SCV  
  31  6:24  Barracks Reactor  
  31  6:25  Marine  
  33  6:29  Marine  
  33  6:43  Starport, Marine  
Show
View Real Time Build Order
Export as new Build Order

Thrall Zerg - Winner!

Build Orders: Pool First 

Get SALT Encoding   

  12  0:03  Drone  
  13  0:08  Drone  
  13  0:14  Extractor  
  13  0:16  Drone  
  14  0:33  Spawning Pool  
  13  0:36  Drone  
  14  0:45  Overlord  
  14  1:19  Hatchery  
  14  1:23  Drone  
  14  1:29  Zergling x2  
  15  1:39  Metabolic Boost  
  15  1:44  Drone  
  16  1:51  Zergling x2  
  17  2:02  Zergling x4  
  18  2:22  Queen  
  18  2:25  Drone x2  
  22  2:34  Spine Crawler  
  21  2:38  Drone  
  21  2:41  Drone x2  
  24  2:55  Zergling x6  
  27  3:02  Baneling Nest  
  27  3:03  Zergling x2  
  27  3:11  Queen  
  28  3:30  Overlord  
  28  3:48  Queen  
  29  3:56  Zergling x8  
  29  3:57  Zergling x4  
  35  4:03  Baneling x3  
  35  4:07  Overlord  
  30  4:34  Baneling  
  30  4:35  Baneling x2  
  22  5:00  Zergling x14  
  22  5:01  Zergling x10  
  34  5:13  Zergling x2  
  35  5:19  Hatchery  
  34  5:22  Zergling x2  
  26  6:01  Zergling x4  
  26  6:02  Zergling x8  
  32  6:04  Baneling x3  
  32  6:06  Baneling  
  32  6:15  Drone x4  
  32  6:16  Drone x3  
  39  6:20  Zergling x2  
  40  6:32  Zergling x6  
  39  6:43  Drone x4  
  39  6:44  Drone  
Tags
 
Add a new tag
Caveats
  • Supply blocks, unpowered buildings, or Contaminate may cause inaccurate times.
  • Supply counts are checked every 10 seconds.